 Dungeon Crawl Stone Soup version 0.24-a0-537-g2d01d4ab0a (webtiles) character file.

Game seed: 5278517291586398606

806 Delarado the Changer (level 7, -1/41 (43) HPs)
             Began as an Octopode Transmuter on Aug 16, 2019.
             Slain by an orc warrior
             ... wielding a +0 hand axe
              (17 damage)
             ... on level 6 of the Dungeon.
             The game lasted 00:22:47 (7139 turns).

Delarado the Changer (Octopode Transmuter)          Turns: 7139, Time: 00:22:48

HP:   -1/41 (43)    AC:  2    Str: 10    XL:     7   Next: 91%
MP:   4/10          EV: 23    Int: 17    God:
Gold: 262           SH:  0    Dex: 17    Spells: 0/10 levels left

rFire    + . .     SeeInvis .     - Unarmed
rCold    . . .     Gourm    .   (shield currently unavailable)
rNeg     . . .     Faith    .   (helmet currently unavailable)
rPois    x         Spirit   .   (no amulet)
rElec    .         Reflect  .   h - ring of protection from fire
rCorr    .         Harm     .   (no ring)
MR       .....                  (no ring)
Stlth    +++.......             (no ring)
HPRegen  0.13/turn              (no ring)
MPRegen  0.12/turn              (no ring)
                                (no ring)
                                (no ring)

@: spider-form
A: tiny, almost no armour, stealthy swim, (amphibious), 8 rings, (constrict 8)
a: End Transformation


You were on level 6 of the Dungeon.
You were not hungry.
You were a venomous arachnid creature.
You visited 1 branch of the dungeon, and saw 6 of its levels.

You collected 262 gold pieces.

Inventory:

Missiles
 a - 13 arrows
 f - 123 stones (quivered)
 o - 15 boomerangs
Armour
 p - a +0 buckler
Jewellery
 h - a ring of protection from fire (left front leg)
Wands
 m - a wand of iceblast (6)
Scrolls
 g - a scroll of remove curse
 k - 2 scrolls of enchant weapon
 l - 2 scrolls of blinking
 n - a scroll of enchant armour {unknown}
 t - a scroll of amnesia
Potions
 b - a potion of haste
 d - a potion of heal wounds
 e - a potion of might
 i - 3 potions of curing {unknown}
 j - a potion of agility
 q - 3 potions of magic
 r - a potion of brilliance
Comestibles
 c - 10 rations
 s - 5 chunks of flesh


   Skills:
 - Level 1.0 Fighting
 + Level 5.0 Dodging
 + Level 3.8 Stealth
 - Level 3.0 Unarmed Combat
 - Level 2.0 Spellcasting
 - Level 5.5 Transmutations
 + Level 2.1 Ice Magic
 - Level 3.5 Poison Magic


You couldn't memorise any spells.
You knew the following spells:

 Your Spells              Type           Power        Failure   Level  Hunger
a - Beastly Appendage     Tmut           ###...       8%          1    #......
b - Sticks to Snakes      Tmut           ###.....     11%         2    ###....
c - Spider Form           Tmut/Pois      ###.......   22%         3    ###....
d - Ice Form              Ice/Tmut       ##......     61%         4    #####..

Your spell library contained the following spells:

 Spells                   Type           Power        Failure   Level  Hunger
 Corona                   Hex            #......      38%         1    #......
 Slow                     Hex            #.......     50%         2    ###....
 Inner Flame              Hex/Fire       #.......     71%         3    ###....
 Portal Projectile        Hex/Tloc       #.....       71%         3    ###....
 Blade Hands              Tmut           ###.......   71%         5    ######.
 Cause Fear               Hex            #.........   96%         4    #####..
 Leda's Liquefaction      Hex/Erth       #.........   96%         4    #####..


Dungeon Overview and Level Annotations

Branches:
Dungeon (6/15)
 Temple: D:4-7

Altars:
Ashenzari
Dithmenos
Sif Muna
Vehumet
Wu Jian
Zin

Shops:
D:5 [

Annotations:
D:2 Sigmund, Terence
D:4 exclusion: statue


Innate Abilities, Weirdness & Mutations

You cannot wear most types of armour.
You are very stealthy in the water. (Stealth+)
((You are amphibious.))
You can wear up to eight rings at the same time.
((You can use your tentacles to constrict eight enemies at once.))
((Your skin changes colour to match your surroundings (Stealth+).))
((Your rubbery body absorbs attacks. (AC +1, EV +1)))


Message History

You hit the orc warrior but do no damage.
The orc warrior looks as sick as possible!
The orc warrior is heavily wounded.
The orc warrior barely misses you.
You hit the orc warrior.
The orc warrior looks as sick as possible!
The orc warrior is heavily wounded.
You hit the orc warrior but do no damage.
The orc warrior looks as sick as possible!
The orc warrior is severely wounded.
The orc warrior closely misses you.
You barely miss the orc warrior.
The orc warrior is severely wounded.
The orc warrior completely misses you.
The orc wizard shouts!
You hit the orc warrior but do no damage.
The orc warrior looks as sick as possible!
The orc warrior is severely wounded.
The orc warrior hits you with a +0 hand axe!
You die...

#......o.#.........#.....#..
#....)...#.........#...).#..
#........#.........#.....'..
#........#.........'....<#..
###........#'##.######.....#..
#.......o###.##.##..#......###
#........).รท........'......#
#........#...o......#......#
#........#..os.[....#......#
#........#........<.#......#
#........#..........#......#
#........#..........#......#
#.......<######.....#......##
#########.....#.....##......#
#.....#......'......#
#.....#......#......#
#.....#......#......#


You could see an orc warrior, an orc wizard and an orc.

Vanquished Creatures
  A necrophage (D:6)
  2 bullfrogs (D:6)
  3 crimson imps (D:5)
  A bullfrog zombie (D:5)
  2 hounds
  A jelly (D:5)
  An orc wizard (D:4)
  2 worker ants
  6 adders
  5 gnolls
  An ooze (D:1)
  3 dart slugs
  A leopard gecko (D:4)
  13 orcs
  5 giant cockroaches
  5 goblins
  5 hobgoblins
  6 kobolds
  2 quokkas
  A ball python (D:5)
  9 bats
  5 frilled lizards
  A quokka skeleton (D:4)
  5 rats (D:1)
86 creatures vanquished.

Vanquished Creatures (collateral kills)
  An ogre (D:6)
  A centaur (D:5)
  An iguana (D:5)
  4 gnolls
  A worm (D:2)
8 creatures vanquished.

Grand Total: 94 creatures vanquished

Notes
Turn   | Place    | Note
-------+----------+-------------------------------------------
     0 | D:1      | Delarado the Octopode Transmuter began the quest for the
                  | Orb.
     0 | D:1      | Reached XP level 1. HP: 13/13 MP: 3/3
    92 | D:1      | Reached XP level 2. HP: 11/18 MP: 3/5
   114 | D:1      | Learned a level 2 spell: Sticks to Snakes
   661 | D:1      | Reached XP level 3. HP: 21/23 MP: 4/6
   954 | D:1      | Learned a level 3 spell: Spider Form
  1052 | D:2      | Noticed Terence
  1220 | D:2      | Found a glowing silver altar of Zin.
  1383 | D:2      | Reached skill level 1 in Poison Magic
  1508 | D:2      | Noticed Sigmund
  1936 | D:3      | Reached XP level 4. HP: 28/28 MP: 5/7
  3000 | D:4      | Reached XP level 5. HP: 25/33 MP: 4/8
  3693 | D:4      | Found a radiant altar of Vehumet.
  3693 | D:4      | Noticed a frost-covered statue
  4264 | D:5      | Entered Level 5 of the Dungeon
  4264 | D:5      | Found Axaiss's Armour Boutique.
  4453 | D:5      | Reached skill level 5 in Transmutations
  4453 | D:5      | Reached XP level 6. HP: 31/38 MP: 9/9
  5090 | D:5      | Found a shadowy altar of Dithmenos.
  5154 | D:5      | Found an ornate altar of the Wu Jian Council.
  5312 | D:5      | Found a shattered altar of Ashenzari.
  5901 | D:5      | Reached XP level 7. HP: 23/43 MP: 10/10
  6412 | D:5      | Reached skill level 1 in Stealth
  6505 | D:5      | Learned a level 4 spell: Ice Form
  6581 | D:6      | Reached skill level 1 in Ice Magic
  6688 | D:6      | Found a shimmering blue altar of Sif Muna.
  7038 | D:6      | Reached skill level 5 in Dodging
  7139 | D:6      | Slain by an orc warrior

Levels and vault maps discovered:
D:1:      ncdulo_halloftheorcs, layout_loops_corners
D:2:      layout_basic, nicolae_overflow_hidden_temple,
          kennysheep_generic_room_15, uniq_sigmund, uniq_crazy_yiuf_cottage,
          uniq_terence
D:3:      layout_loops_cross, first_ration
D:4:      layout_layer_cave, vehumet_statue
D:5:      layout_basic, lemuel_crystal_altar, overflow_temple_1_default,
          minmay_temple_entry_enclosed_plants, serial_shops,
          nicolae_shop_waterfront, grunt_dithmenos_smoke_and_mirrors
D:6:      layout_gridville, kennysheep_mini_moat, kennysheep_generic_room_10

Skill      XL: |  1  2  3  4  5  6  7 |
---------------+----------------------+-----
Transmutations | 3 4 5 |  5.5
Poison Magic   | 1 2 3 |  3.5
Dodging        | 4 5 |  5.0
Stealth        | 3 |  3.8
Ice Magic      | 2 |  2.1
Fighting       | |  1.0
Unarmed Combat | |  3.0
Spellcasting   | |  2.0

Action                   |  1- 3 |  4- 6 |  7- 9 || total
-------------------------+-------+-------+-------++-------
Melee: Unarmed           |    87 |   120 |    54 ||   261
       Constrict         |    27 |    33 |     9 ||    69
       Tentacles         |    13 |    23 |     4 ||    40
       Kick              |    11 |    24 |    12 ||    47
       Punch             |       |     4 |     2 ||     6
Throw: Stone             |     7 |    12 |    15 ||    34
 Cast: Beastly Appendage |    16 |    21 |     7 ||    44
       Sticks to Snakes  |     4 |    20 |     7 ||    31
       Spider Form       |       |       |     3 ||     3
  Use: Scroll            |       |     8 |     1 ||     9
       Potion            |       |     2 |       ||     2
 Stab: Sleeping          |    10 |     3 |       ||    13
       Distracted        |       |       |     1 ||     1
  Eat: Chunk             |     4 |    12 |     3 ||    19
       Ration            |       |     1 |       ||     1
Armor: Skin              |    15 |     6 |     4 ||    25
Dodge: Dodged            |    62 |    76 |    33 ||   171

Table legend:
 A = Non-vault XP
 B = Vault XP
 C = Vault XP percentage of total XP
 D = Non-vault monster count
 E = Vault monster count
 F = Vault count percentage of total count
                 A         B        C        D         E       F
            +---------+---------+-------+---------+---------+-------
      Total |    1150 |       2 |   0.2 |      92 |       2 |   2.1
            +---------+---------+-------+---------+---------+-------
        D:1 |      43 |       0 |   0.0 |      22 |       0 |   0.0
        D:2 |      29 |       2 |   6.5 |      10 |       2 |  16.7
        D:3 |      28 |       0 |   0.0 |      10 |       0 |   0.0
        D:4 |     150 |       0 |   0.0 |      19 |       0 |   0.0
        D:5 |     497 |       0 |   0.0 |      22 |       0 |   0.0
        D:6 |     403 |       0 |   0.0 |       9 |       0 |   0.0
            +---------+---------+-------+---------+---------+-------
